 Dungeon Crawl Stone Soup version 0.29.0-5-ge4962eb29e (webtiles) character file.

Game seed: 5930265820636880747

8295 Arcadio the Arsonist (level 11, 0/84 HPs)
             Began as a Black Draconian Fire Elementalist on Aug 29, 2022.
             Was an Initiate of Ru.
             Slain by a salamander (shapeshifter) (7 damage)
             ... on level 11 of the Dungeon.
             The game lasted 00:28:31 (11819 turns).

Arcadio the Arsonist (DrFE)                        Turns: 11819, Time: 00:28:33

Health: 0/84       AC: 16    Str: 14    XL:     11   Next: 8%
Magic:  16/24      EV: 17    Int: 22    God:    Ru [......]
Gold:   604        SH:  0    Dex: 17    Spells: 6/28 levels left

rFire   + . .      SeeInvis .   w - +10 dagger of Mekeyly {flame, rN++ Str+4}
rCold   . . .      Faith    .   (no shield)
rNeg    + + .      Spirit   .   (body armour unavailable)
rPois   .          Reflect  .   g - +2 hat "Hustusm" {Int+3 Slay+2}
rElec   +          Harm     .   R - +0 cloak
rCorr   .          Rampage  .   j - +0 pair of fencer's gloves {Riposte Dex+3}
Will    .....                   Q - +0 pair of boots
Stlth   ++........              S - amulet of the acrobat
HPRegen 0.24/turn               u - ring "Nalio" {AC+4 Dex+3}
MPRegen 0.19/turn               D - ring of protection from fire

@: no status effects
A: breathe lightning, AC +7, unfitting armour, clumsy 1, electricity resistance,
cold-blooded
a: Breathe Lightning, Renounce Religion


You were on level 11 of the Dungeon.
You worshipped Ru.
Ru was noncommittal.
You visited 2 branches of the dungeon, and saw 12 of its levels.

You collected 632 gold pieces.
You spent 28 gold pieces at shops.

Inventory:

Hand Weapons
 b - a +0 dagger
 k - a +0 morningstar
 w - the +10 dagger of Mekeyly (weapon) {flame, rN++ Str+4}
   (You found it on level 5 of the Dungeon)

   It burns those it strikes, dealing additional fire damage.
   Str:       It affects your strength (+4).
   rN:        It greatly protects you from negative energy.
 N - a +4 dire flail
Missiles
 J - 3 throwing nets
Armour
 g - the +2 hat "Hustusm" (worn) {Int+3 Slay+2}
   (You acquired it on level 2 of the Dungeon)

   Int:       It affects your intelligence (+3).
   Slay:      It affects your accuracy & damage with ranged weapons and melee
   (+2).
 j - the +0 pair of fencer's gloves (worn) {Riposte Dex+3}
   (You acquired it on level 2 of the Dungeon)

   It allows the wearer to riposte with melee weapons, swiftly retaliating
   against missed or blocked melee attacks.
   Dex:       It affects your dexterity (+3).
 n - a +0 kite shield
 Q - a +0 pair of boots (worn)
 R - a +0 cloak (worn)
Jewellery
 c - a +6 ring of strength
 u - the ring "Nalio" (left hand) {AC+4 Dex+3}
   (You acquired it on level 10 of the Dungeon)

   [ring of protection]

   AC:        It affects your AC (+4).
   Dex:       It affects your dexterity (+3).
 D - a ring of protection from fire (right hand)
 S - an amulet of the acrobat (around neck)
Wands
 s - a wand of iceblast (27)
 v - a wand of mindburst (33)
 C - a wand of flame (30)
 K - a wand of charming (2)
 L - a wand of polymorph (5)
Scrolls
 d - a scroll of fear {unknown}
 e - 8 scrolls of teleportation {unknown}
 l - 4 scrolls of enchant armour {unknown}
 o - 3 scrolls of butterflies {unknown}
 x - 2 scrolls of vulnerability {unknown}
 y - a scroll of blinking {unknown}
 A - a scroll of poison {unknown}
 B - a scroll of amnesia {unknown}
 E - a scroll of noise {unknown}
 F - a scroll of brand weapon {unknown}
 G - a scroll of immolation {unknown}
 I - a scroll of enchant weapon {unknown}
 M - a scroll of magic mapping {unknown}
Potions
 a - a potion of magic
 f - 2 potions of cancellation
 h - 3 potions of might
 i - 3 potions of lignification
 m - a potion of berserk rage
 p - 2 potions of haste
 q - 7 potions of curing
 r - 3 potions of heal wounds
 t - a potion of flight {unknown}
 H - 2 potions of resistance {unknown}
 O - a potion of brilliance
 P - 3 potions of attraction


   Skills:
 + Level 4.0 Fighting
 + Level 9.1 Dodging
 - Level 1.7 Stealth
 + Level 9.2 Spellcasting
 + Level 3.9 Conjurations
 - Level 9.4 Fire Magic


You had 6 spell levels left.
You knew the following spells:

 Your Spells              Type           Power      Damage    Failure   Level
a - Foxfire               Conj/Fire      100%       2x1d9     1%          1
b - Scorch                Fire           100%       2d10      1%          2
c - Conjure Flame         Conj/Fire      39%        6-21      1%          3
d - Inner Flame           Hex/Fire       30%        N/A       2%          3
e - Flame Wave            Conj/Fire      39%        2d11      4%          4
f - Sticky Flame          Conj/Fire      39%        2d6       4%          4
g - Fireball              Conj/Fire      19%        3d9       12%         5

Your spell library contained the following spells:

 Spells                   Type           Power      Damage    Failure   Level
 Static Discharge         Conj/Air       18%        3-6/arc   4%          2
 Ignite Poison            Fire/Tmut/Pois 24%        N/A       5%          3
 Beastly Appendage        Tmut           20%        N/A       7%          1
 Poisonous Vapours        Pois/Air       20%        N/A       10%         2
 Wereblood                Tmut           10%        N/A       10%         2
 Mephitic Cloud           Conj/Pois/Air  15%        N/A       12%         3
 Gell's Gravitas          Tloc           10%        N/A       21%         3
 Lesser Beckoning         Tloc           10%        N/A       21%         3
 Ozocubu's Armour         Ice            10%        N/A       21%         3
 Spider Form              Tmut/Pois      10%        N/A       21%         3
 Teleport Other           Tloc           10%        N/A       21%         3
 Corpse Rot               Necr/Pois/Air  10%        N/A       54%         4
 Ozocubu's Refrigeration  Ice            5%         4d8       100%        7


Dungeon Overview and Level Annotations

Branches:
Dungeon (11/15) Zot: 26845  Temple (1/1) D:5 Zot: 5823    Lair (0/5) D:9
    Orc (0/2) D:9

Altars:
Ashenzari
Cheibriados
Dithmenos
Elyvilon
Fedhas
Gozag
Hepliaklqana
Kikubaaqudgha
Makhleb
Nemelex Xobeh
Okawaru
Qazlal
Ru
Sif Muna
Trog
Uskayaw
Vehumet
Wu Jian
Xom
Yredelemnul
Zin
The Shining One

Shops:
D:4 !   D:9 (   D:10 :?*?[

Portals:
Trove: D:10 (show abyssal rune of Zot)

Annotations:
D:7 2 transporters, p0werm0de's ghost, novice MiFi


Innate Abilities, Weirdness & Mutations

You can breathe wild blasts of lightning.
Your glossy black scales are hard. (AC +7)
You cannot fit into any form of body armour.
You are clumsy. (Dex -2)
You are resistant to electric shocks. (rElec)
You are cold-blooded and may be slowed by cold attacks.


Message History

You feel sick.
You are no longer poisoned.
The salamander closely misses you.
You puncture the salamander!
You tail-slap the salamander, but do no damage.
The salamander is moderately wounded.
The salamander hits you but does no damage.
You hit the salamander.
The salamander is moderately wounded.
The salamander hits you but does no damage.
You puncture the salamander!
The salamander is heavily wounded.
The salamander hits you but does no damage.
You puncture the salamander!
Your tail-slap misses the salamander.
The salamander is severely wounded.
The salamander hits you.
You are engulfed in flames.
You resist.
You barely miss the salamander. You tail-slap the salamander.
The salamander is severely wounded.
The salamander hits you but does no damage.
You puncture the salamander!
You tail-slap the salamander, but do no damage.
The salamander is severely wounded.
The salamander hits you.
You are engulfed in flames.
You resist.
* * * LOW HITPOINT WARNING * * *
You hit the salamander.
The salamander is almost dead.
The salamander hits you!
* * * LOW HITPOINT WARNING * * *
You are engulfed in flames.
You resist.
* * * LOW HITPOINT WARNING * * *
You barely miss the salamander.
The salamander is almost dead.
The salamander hits you but does no damage.
You hit the salamander but do no damage.
You tail-slap the salamander.
The salamander is almost dead.
The salamander hits you.
* * * LOW HITPOINT WARNING * * *
You are engulfed in flames!
You resist.
You die...

# #####'#### #####
#........# '...##
#........#
###..###########.#
# ##....'##...##.#
# #######.....#.#
#.....#.#
#.....#.# #...##@#
### ###'###N# ..#
#.......# ..#
#.......# ..#
+..8....# ..#
#.......# ..#
#.......# ..#
###+##### ..#


You could see a salamander.

Vanquished Creatures
  A two-headed ogre (D:8)
  Pikel (D:5)
  Maggie (D:6)
  A hornet (D:11)
  Prince Ribbit (D:5)
  Sigmund (D:5)
  A shadow (D:10)
  A wraith (D:9)
  4 yaks (D:9)
  A steam dragon (D:9)
  Grum (D:10)
  5 water moccasins
  A black bear (D:7)
  An orc warrior (D:9)
  An ice beast (D:5)
  2 sky beasts
  An ogre (D:5)
  A wolf (D:10)
  2 centaurs
  A phantom (D:5)
  2 lemures (D:5)
  Blork the orc (D:5)
  3 kobold brigands
  2 bullfrogs (D:8)
  2 gnoll sergeants
  3 necrophages
  23 wights
  8 howler monkeys
  3 killer bees (D:8)
  3 electric eels (D:10)
  3 orc priests
  3 jellies
  13 hounds
  4 gnoll boudas
  3 iron imps (D:4)
  3 iguanas
  Natasha (thrice) (D:3)
  6 orc wizards
  25 gnolls
  5 adders
  A shadow imp (D:6)
  3 white imps
  A worm (D:2)
  2 dart slugs
  17 orcs
  6 bats
  8 endoplasms
  A giant cockroach (D:4)
  A hobgoblin (D:1)
  5 jackals
  8 quokkas
  8 ball pythons
  3 frilled lizards
  12 goblins
  24 kobolds
  8 rats
255 creatures vanquished.

Vanquished Creatures (others)
  A centaur (D:8)
  A bullfrog (D:8)
  A gnoll bouda (D:8)
  An orc wizard (D:8)
  359 foxfires
  9 fungi (D:3)
372 creatures vanquished.

Grand Total: 627 creatures vanquished

Notes
Turn   | Place    | Note
-------+----------+-------------------------------------------
     0 | D:1      | Arcadio the Draconian Fire Elementalist began the quest for
                  | the Orb.
     0 | D:1      | Reached XP level 1. HP: 14/14 MP: 3/3
   291 | D:1      | Reached XP level 2. HP: 20/20 MP: 0/5
   352 | D:1      | Learned a level 2 spell: Scorch
   933 | D:1      | Reached XP level 3. HP: 26/26 MP: 6/6
  1197 | D:2      | Identified 3 scrolls of acquirement
  1197 | D:2      | Acquired the +0 pair of fencer's gloves {Riposte Dex+3}
  1197 | D:2      | Found the +0 pair of fencer's gloves {Riposte Dex+3}
  1206 | D:2      | Acquired the Octavo of Blasts
  1210 | D:2      | Acquired the +2 hat "Hustusm" {Int+3 Slay+2}
  1435 | D:2      | Learned a level 3 spell: Conjure Flame
  1703 | D:2      | You fall into a shaft and drop 2 floors!
  2142 | D:2      | Reached XP level 4. HP: 33/33 MP: 6/8
  2656 | D:3      | Noticed Natasha
  2662 | D:3      | Killed Natasha
  2844 | D:3      | Noticed Natasha
  2848 | D:3      | Killed Natasha
  2850 | D:3      | Reached XP level 5. HP: 36/38 MP: 1/9
  3067 | D:3      | Noticed Natasha
  3070 | D:3      | Killed Natasha
  3569 | D:4      | Found Ohineal's Distillery.
  3950 | D:4      | Found an opulent altar of Gozag.
  4243 | D:4      | Found a burning altar of Makhleb.
  4269 | D:4      | Reached XP level 6. HP: 38/45 MP: 11/11
  4347 | D:5      | Entered Level 5 of the Dungeon
  4348 | D:5      | Noticed a water moccasin
  4354 | D:5      | Killed a water moccasin
  4422 | D:5      | Identified the +10 dagger of Mekeyly {flame, rN++ Str+4}
  4533 | D:5      | Noticed an ice beast
  4542 | D:5      | Killed an ice beast
  4543 | D:5      | Reached skill level 5 in Fire Magic
  4545 | D:5      | Your scales start taking on a glossy black colour.
  4545 | D:5      | Reached XP level 7. HP: 24/50 MP: 4/13
  4545 | D:5      | Gained mutation: You are resistant to electric shocks.
                  | (rElec) [Black Draconian growth]
  4707 | D:5      | Found a sacrificial altar of Ru.
  4717 | D:5      | Noticed Pikel
  4721 | D:5      | Became a worshipper of Ru the Awakened
  4740 | D:5      | Killed Pikel
  4741 | D:5      | Reached skill level 5 in Dodging
  4741 | D:5      | Reached skill level 5 in Spellcasting
  4858 | D:5      | Reached XP level 8. HP: 57/57 MP: 8/15
  4929 | D:5      | Noticed Prince Ribbit
  4933 | D:5      | Killed Prince Ribbit
  4938 | D:5      | Learned a level 3 spell: Inner Flame
  4943 | D:5      | Learned a level 4 spell: Flame Wave
  4948 | D:5      | Learned a level 4 spell: Sticky Flame
  5005 | D:5      | Noticed Blork the orc
  5016 | D:5      | Killed Blork the orc
  5054 | D:5      | Found a staircase to the Ecumenical Temple.
  5323 | Temple   | Entered the Ecumenical Temple
  5625 | D:5      | Noticed Sigmund
  5632 | D:5      | Killed Sigmund
  6524 | D:6      | Noticed Maggie
  6541 | D:6      | Killed Maggie
  6542 | D:6      | Reached XP level 9. HP: 29/62 MP: 7/19
  7370 | D:7      | Noticed a troll
  7380 | D:7      | Noticed p0werm0de's ghost (novice MiFi)
  7445 | D:7      | Found a transporter.
  7495 | D:7      | Found a transporter.
  8063 | D:8      | Noticed a two-headed ogre
  8072 | D:8      | Killed a two-headed ogre
  8073 | D:8      | Reached XP level 10. HP: 69/69 MP: 11/22
  8185 | D:8      | Found a shimmering altar of Xom.
  8372 | D:8      | Identified the +2 robe of Distant Shores {Str+6 Int+3}
  8503 | D:8      | Found a shadowy altar of Dithmenos.
  9042 | D:9      | Found Ynwam's Weapon Shoppe.
  9042 | D:9      | Found a staircase to the Orcish Mines.
  9051 | D:8      | Learned a level 5 spell: Fireball
  9313 | D:9      | Reached skill level 1 in Fighting
  9786 | D:9      | Found a staircase to the Lair.
  9902 | D:9      | Found a radiant altar of Vehumet.
 10712 | D:10     | Entered Level 10 of the Dungeon
 10747 | D:10     | Found a portal to a secret trove of treasure.
 10784 | D:10     | Found Jojesas's Assorted Antiques.
 10862 | D:10     | Found Utomokk's Armour Boutique.
 10958 | D:10     | Found Opovug's Magic Scroll Emporium.
 10968 | D:10     | Found Ekluta's Magic Scroll Shoppe.
 10977 | D:10     | Bought a scroll of identify for 28 gold pieces
 10977 | D:10     | Acquired the ring "Nalio" {AC+4 Dex+3}
 11009 | D:10     | Gained mutation: You are clumsy. (Dex -2) [Ru sacrifice]
 11138 | D:10     | Found Dydgh's Book Emporium.
 11257 | D:10     | Noticed Grum
 11268 | D:10     | Killed Grum
 11329 | D:10     | Reached XP level 11. HP: 83/83 MP: 22/24
 11803 | D:11     | Paralysed by a hornet for 2 turns
 11819 | D:11     | Slain by a salamander (shapeshifter)

Illustrated notes

Levels and vault maps discovered:
D:1:      nzn_arrival_water_spiral, layout_basic, minivault_14
D:2:      minmay_general_purpose_star, layout_basic, hangedman_decor_opposing,
          nicolae_figureground_pulse
D:3:      layout_loops_corners, dreamdust_mushroom_princess, uniq_natasha
D:4:      layout_basic, mainiacjoe_overflow_cross_hatched, demons_altar,
          serial_shops, nicolae_square_shop
D:5:      layout_cave_pods, nicolae_ru_sacrificial_ziggurat,
          minmay_temple_entry_slanted, uniq_sigmund, uniq_blork_the_orc,
          uniq_prince_ribbit1, uniq_pikel
D:6:      layout_basic, nrook_loot_triangle, kennysheep_decorative_pillar,
          uniq_maggie
D:7:      layout_rooms, nzn_ghost_randoct
D:8:      layout_gridville, xom_confusion_cloud,
          nicolae_dithmenos_through_a_glass_darkly, serial_rivers,
          chequers_serial_rivers_small_b, chequers_serial_rivers_marsh,
          chequers_serial_rivers_micro_a, chequers_serial_rivers_micro_c
D:9:      layout_irregular_city, nicolae_overflow_hidden_temple,
          lair_entry_dummy, orc_david_3
D:10:     layout_big_octagon, enter_trove_0, serial_shops, shop, shop,
          nicolae_diamond_shop, nicolae_shop_crystal, nicolae_shop_hallway_plus,
          serial_gnoll_camp, gnoll_camp_mini_loothouse, gnoll_camp_mini_house,
          grums_kennel, gnoll_camp_mini_doghouse, serial_bayou_lake_a
D:11:     layout_roguey, hangedman_decor_peaks_small, st_stairs_1,
          minmay_three_doors
Temple:   eino_temple_scatter_basement

Skill      XL: |  1  2  3  4  5  6  7  8  9 10 11 |
---------------+----------------------------------+-----
Dodging        | 2 3 4 5 6 8 9 |  9.1
Spellcasting   | 3 4 5 6 8 9 |  9.2
Fire Magic     | 4 5 6 7 9 |  9.4
Fighting       | 3 4 |  4.0
Conjurations   | 3 |  3.9
Stealth        | |  1.7

Action                   |  1- 3 |  4- 6 |  7- 9 | 10-12 || total
-------------------------+-------+-------+-------+-------++-------
Melee: Dagger            |     8 |     4 |    78 |   120 ||   210
       Tailslap          |     2 |    10 |    15 |    25 ||    52
       Morningstar       |    10 |    49 |       |       ||    59
       Punch             |       |     1 |       |     1 ||     2
 Cast: Foxfire           |    49 |    25 |    46 |    87 ||   207
       Scorch            |     3 |    18 |    65 |    31 ||   117
       Fireball          |       |       |       |     4 ||     4
       Flame Wave        |       |       |       |     2 ||     2
Invok: Sacrifice Purity  |       |       |       |     1 ||     1
 Abil: Breathe Lightning |       |       |     1 |       ||     1
  Use: Scroll            |     3 |       |       |     9 ||    12
 Stab: Sleeping          |       |     3 |       |     2 ||     5
Armor: Skin              |    12 |    32 |    23 |    43 ||   110
Dodge: Dodged            |    16 |    46 |    76 |   129 ||   267
       Rpst.: Morningstar |     3 |    10 |       |       ||    13
       Dagger            |       |     1 |    25 |    45 ||    71
